 Dungeon Crawl Stone Soup version 0.30-a0-475-g03497ec522 (webtiles) character file.

Game seed: 1622857062337131106

67 Adrian566 the Shield-Bearer (level 4, -2/28 HPs)
             Began as a Gargoyle Fighter on Dec 21, 2022.
             Slain by a gnoll
             ... wielding a +0 whip
              (3 damage)
             ... on level 2 of the Dungeon.
             The game lasted 00:00:46 (641 turns).

Adrian566 the Shield-Bearer (Gargoyle Fighter)       Turns: 641, Time: 00:00:47

Health: -2/28      AC: 10    Str: 22    XL:     4   Next: 18%
Magic:  4/4        EV:  9    Int:  8    God:
Gold:   74         SH:  4    Dex:  9    Spells: 3/3 levels left

rFire   . . .      SeeInvis .    a - +0 war axe
rCold   . . .      Faith    .    c - +0 buckler
rNeg    + . .      Spirit   .    b - +0 scale mail
rPois   ∞          Reflect  .    (no helmet)
rElec   +          Harm     .    (no cloak)
rCorr   .          Rampage  .    (no gloves)
Will    .....                    (no boots)
Stlth   ..........               (no amulet)
HPRegen 0.24/turn                (no ring)
MPRegen 0.09/turn                (no ring)

@: no status effects
A: sickness immunity, AC +3, negative energy resistance 1, electricity
resistance, torment resistance 1, petrification resistance
a: no special abilities


You were on level 2 of the Dungeon.
You visited 1 branch of the dungeon, and saw 2 of its levels.

You collected 74 gold pieces.

Inventory:

Hand Weapons
 a - a +0 war axe (weapon)
Armour
 b - a +0 scale mail (worn)
 c - a +0 buckler (worn)
Scrolls
 f - a scroll of vulnerability {unknown}
 g - 2 scrolls of teleportation {unknown}
 i - a scroll of noise {unknown}
 j - a scroll of fog {unknown}
Potions
 d - 2 potions of might
 e - a potion of degeneration {unknown}
 h - a potion of lignification {unknown}


   Skills:
 + Level 3.6 Fighting
 * Level 3.0 Axes
 + Level 3.6 Armour
 + Level 0.2 Dodging
 + Level 0.4 Stealth
 + Level 3.7 Shields


You had 3 spell levels left.
You didn't know any spells.
Your spell library contained the following spells:

 Spells                   Type           Power      Damage    Failure   Level
 Slow                     Hex            0%         N/A       83%         1
 Confusing Touch          Hex            0%         N/A       99%         3
 Vampiric Draining        Necr           0%         2d6       99%         3


Dungeon Overview and Level Annotations

Branches:
Dungeon (2/15)

Altars:


Innate Abilities, Weirdness & Mutations

You are immune to sickness and miasma.
Your stone body is resilient. (AC +3)
You are immune to poison.
You resist negative energy. (rN+)
You are resistant to electric shocks. (rElec)
You are resistant to unholy torment.
You are immune to petrification.


Message History

You are too injured to fight recklessly!
You are too injured to fight recklessly!
You are too injured to fight recklessly!
You are too injured to fight recklessly!
Unknown command.
You barely miss the gnoll.
The gnoll is almost dead.
The gnoll barely misses you. You block the gnoll's attack.
You slash the gnoll!
You kill the gnoll!
The gnoll hits you but does no damage.
You have reached level 4!
You feel stronger. The gnoll hits you with a +0 spear.
You see here a +0 spear.
You slash the gnoll!
The gnoll is severely wounded.
The gnoll hits you but does no damage. The gnoll closely misses you.
You slash the gnoll!
You kill the gnoll!
Your Axes skill increases to level 3!
You hit the rat but do no damage. The rat bites you.
You slash the rat!
You kill the rat!
The gnoll hits you with a +0 whip.
* * * LOW HITPOINT WARNING * * *
You hit the gnoll.
The gnoll is lightly wounded.
The gnoll closely misses you.
You slash the gnoll!
The gnoll is almost dead.
The gnoll hits you but does no damage. You block the gnoll's attack.
You barely miss the gnoll.
The gnoll is almost dead.
The gnoll hits you with a +0 whip!
* * * LOW HITPOINT WARNING * * *
You barely miss the gnoll.
The gnoll is almost dead.
The gnoll hits you with a +0 whip.
You die...

#..# #..##### #..#....
#..##.## ###'###.##
#......... ##
#.##.##.##
#...##########.##.##...
#....g@).......##......
#...###################
## .... ####


You could see a gnoll.

Vanquished Creatures
  4 gnolls
  2 worms (D:2)
  2 ball pythons
  4 bats (D:1)
  3 endoplasms
  2 goblins (D:1)
  3 kobolds (D:1)
  A quokka (D:1)
  A frilled lizard (D:1)
  6 rats
28 creatures vanquished.

Notes
Turn   | Place    | Note
-------+----------+-------------------------------------------
     0 | D:1      | Adrian566 the Gargoyle Fighter began the quest for the Orb.
     0 | D:1      | Reached XP level 1. HP: 14/14 MP: 1/1
    89 | D:1      | Reached XP level 2. HP: 11/19 MP: 2/2
   177 | D:1      | Reached XP level 3. HP: 23/23 MP: 3/3
   633 | D:2      | Reached XP level 4. HP: 14/28 MP: 4/4
   640 | D:2      | HP: 1/28 [gnoll/+0 whip (8)]
   641 | D:2      | Slain by a gnoll

Illustrated notes

Levels and vault maps discovered:
D:1:      minmay_arrival_five_plusses, layout_rooms, minmay_tall_x
D:2:      minmay_chambers_of_twos, layout_loops_ring

Skill      XL: |  1  2  3  4 |
---------------+-------------+-----
Axes           | 2 3 |  3.0
Fighting       | |  3.6
Armour         | |  3.6
Dodging        | |  0.2
Stealth        | |  0.4
Shields        | |  3.7

Action                   |  1- 3 |  4- 6 || total
-------------------------+-------+-------++-------
Melee: War axe           |    70 |     8 ||    78
Armor: Scale mail        |    45 |     2 ||    47
Dodge: Dodged            |    41 |     2 ||    43
Block: Buckler           |    17 |     1 ||    18

Table legend: (Time is in decaauts)
 A = Elapsed time spent in this place.
 B = Non-inter-level travel time spent in this place.
 C = Inter-level travel time spent in this place.
 D = Time resting spent in this place.
 E = Time spent auto-exploring this place.
 F = Levels seen in this place.
 G = Mean time per level.
                   A        B        C        D        E       F      G
               +--------+--------+--------+--------+--------+-----+--------+
         Total |    674 |    662 |     12 |      0 |    477 |   2 |  337.0 |
       Dungeon |    674 |    662 |     12 |      0 |    477 |   2 |  337.0 |
               +--------+--------+--------+--------+--------+-----+--------+

Top non-repeatable levels by time:
     D:1: 531 daAuts
     D:2: 142 daAuts
